[Event "White Rook U14 Final 2019"]
[Site "Sochi"]
[Date "2019.06.06"]
[Round "5.22"]
[White "Grigoryan, Hayk V."]
[Black "Demirov, Todor"]
[Result "1-0"]
[ECO "B15"]
[WhiteElo "1423"]
[BlackElo "1586"]
[Annotator "NA RC"]
[PlyCount "53"]
[EventDate "2019.06.02"]
[EventCountry "RUS"]
[SourceTitle "playchess.com"]
[Source "ChessBase"]
[SourceQuality "1"]
[TimeControl "5400+30"]

1. e4 c6 2. Nc3 d5 3. Nf3 dxe4 4. Nxe4 Nf6 5. Nxf6+ exf6 6. d4 Bd6 7. h3 O-O 8. Bd3 Re8+ 9. Be3 Bf4 10. Qe2 Qe7 11. Kd2 Qb4+ 12. Kc1 c5 13. c3 Qb6 14. Bxh7+ Kh8 15. Bc2 cxd4 16. Nxd4 g6 17. Qf3 Bxe3+ 18. fxe3 Nc6 19. Qxf6+ Kg8 20. Bxg6 fxg6 21. Qxg6+ Kh8 22. Qxe8+ Kg7 23. Rf1 Nxd4 24. Qf8+ Kg6 25. Qf7+ Kg5 26. h4+ Kh6 27. Rf6+ 1-0

[Event "White Rook U14 Final 2019"]
[Site "Sochi"]
[Date "2019.06.06"]
[Round "5.23"]
[White "Ardenski, Dimitar"]
[Black "Hovhannisyan, Artyom"]
[Result "1-0"]
[ECO "C33"]
[WhiteElo "1280"]
[BlackElo "1458"]
[Annotator "NA RC"]
[PlyCount "99"]
[EventDate "2019.06.02"]
[EventCountry "RUS"]
[SourceTitle "playchess.com"]
[Source "ChessBase"]
[SourceQuality "1"]
[TimeControl "5400+30"]

1. e4 e5 2. f4 exf4 3. Nf3 d6 4. Bc4 Nc6 5. d4 Be7 6. O-O Nf6 7. Nc3 O-O 8. Bxf4 Bg4 9. Qd2 Nd7 10. Rae1 Bxf3 11. Rxf3 Bf6 12. Ne2 Re8 13. Bd5 Nb6 14. Bxc6 bxc6 15. Ng3 Rb8 16. b3 Nd7 17. Nh5 c5 18. c3 cxd4 19. cxd4 Nf8 20. Bh6 Bh4 21. Bxg7 Re6 22. Ref1 Rg6 23. Rxf7 Ne6 24. Bf6 Bxf6 25. R7xf6 Qe8 26. R1f3 Qe7 27. Rxg6+ hxg6 28. Nf6+ Kg7 29. d5 Rf8 30. dxe6 Rxf6 31. Qc3 c5 32. e5 dxe5 33. Qxe5 Qxe6 34. Qxf6+ Qxf6 35. Rxf6 Kxf6 36. Kf2 Kf5 37. Kf3 g5 38. h3 a6 39. g3 a5 40. h4 a4 41. Ke3 axb3 42. axb3 gxh4 43. gxh4 Kg4 44. Kd3 Kxh4 45. Kc4 Kg5 46. Kxc5 Kf6 47. Kc6 Ke7 48. b4 Kd8 49. b5 Kc8 50. b6 1-0

[Event "White Rook U14 Final 2019"]
[Site "Sochi"]
[Date "2019.06.06"]
[Round "5.24"]
[White "Hakobyan, Astghik"]
[Black "Petkova, Irina"]
[Result "1-0"]
[ECO "C45"]
[WhiteElo "1791"]
[BlackElo "1207"]
[Annotator "NA RC"]
[PlyCount "53"]
[EventDate "2019.06.02"]
[EventCountry "RUS"]
[SourceTitle "playchess.com"]
[Source "ChessBase"]
[SourceQuality "1"]
[TimeControl "5400+30"]

1. e4 e5 2. Nf3 Nc6 3. d4 exd4 4. Nxd4 Bc5 5. Be3 Qf6 6. c3 Qg6 7. Nd2 Nf6 8. Qc2 Nxd4 9. cxd4 Bb4 10. f3 d5 11. Qa4+ Bd7 12. Qxb4 b6 13. e5 Ng8 14. Rc1 a5 15. Qb3 Ne7 16. Rxc7 Nf5 17. Qxd5 O-O 18. Qxd7 Nxe3 19. Qc6 Qg5 20. Ne4 Qf5 21. Bd3 Nxg2+ 22. Kf2 Qh3 23. Bf1 Qh4+ 24. Kxg2 Rfd8 25. Bc4 Rxd4 26. Qxa8+ Rd8 27. Rxf7 1-0

[Event "White Rook U14 Final 2019"]
[Site "Sochi"]
[Date "2019.06.06"]
[Round "5.25"]
[White "Magomedov, Adam"]
[Black "Voloshkin, Daniil"]
[Result "1/2-1/2"]
[ECO "B20"]
[WhiteElo "1773"]
[BlackElo "1557"]
[Annotator "NA RC"]
[PlyCount "62"]
[EventDate "2019.06.02"]
[EventCountry "RUS"]
[SourceTitle "playchess.com"]
[Source "ChessBase"]
[SourceQuality "1"]
[TimeControl "5400+30"]

1. e4 c5 2. Ne2 d6 3. c4 Nc6 4. Nbc3 g6 5. g3 Bg4 6. Bg2 Ne5 7. O-O Nf3+ 8. Kh1 Qd7 9. d3 h5 10. h4 Bg7 11. Qa4 Qxa4 12. Nxa4 g5 13. Ng1 Nxg1 14. Rxg1 gxh4 15. gxh4 Bd4 16. Be3 Bxe3 17. fxe3 Nf6 18. Nc3 Be6 19. Bf3 Ng4 20. Nd5 Bxd5 21. cxd5 Nf2+ 22. Kh2 Nxd3 23. Bxh5 O-O-O 24. Bg4+ Kc7 25. h5 Nxb2 26. Be2 Na4 27. Rg7 Nc3 28. Bf3 Rdf8 29. a4 b5 30. axb5 Nxb5 31. Be2 Kb6 1/2-1/2

[Event "White Rook U14 Final 2019"]
[Site "Sochi"]
[Date "2019.06.06"]
[Round "5.26"]
[White "Vorzhevitin, Dmitriy"]
[Black "Seregin, Ignat"]
[Result "1/2-1/2"]
[ECO "E10"]
[WhiteElo "1346"]
[BlackElo "1687"]
[Annotator "NA RC"]
[PlyCount "58"]
[EventDate "2019.06.02"]
[EventCountry "RUS"]
[SourceTitle "playchess.com"]
[Source "ChessBase"]
[SourceQuality "1"]
[TimeControl "5400+30"]

1. d4 Nf6 2. c4 e6 3. Bg5 c5 4. Nf3 cxd4 5. Bxf6 Bb4+ 6. Nbd2 Qxf6 7. a3 Bxd2+ 8. Qxd2 b6 9. Qxd4 Nc6 10. Qxf6 gxf6 11. g3 Na5 12. Rc1 Ba6 13. e3 Bb7 14. Be2 Rc8 15. O-O Bxf3 16. Bxf3 Rxc4 17. b4 Rxc1 18. Rxc1 Nc6 19. Bxc6 dxc6 20. Rxc6 Kd7 21. Rc4 f5 22. Kg2 e5 23. b5 h5 24. Ra4 Ra8 25. Rh4 Rh8 26. Ra4 Ra8 27. Rh4 Rh8 28. Ra4 Ra8 29. Rh4 Rh8 1/2-1/2

[Event "White Rook U14 Final 2019"]
[Site "Sochi"]
[Date "2019.06.06"]
[Round "5.27"]
[White "Mugenov, Vadim"]
[Black "Zenkov, Maksim"]
[Result "1-0"]
[ECO "A30"]
[WhiteElo "1329"]
[BlackElo "1394"]
[Annotator "NA RC"]
[PlyCount "89"]
[EventDate "2019.06.02"]
[EventCountry "RUS"]
[SourceTitle "playchess.com"]
[Source "ChessBase"]
[SourceQuality "1"]
[TimeControl "5400+30"]

1. Nf3 c5 2. c4 Nc6 3. Nc3 Nf6 4. g3 d5 5. cxd5 Nxd5 6. Bg2 e5 7. O-O Be7 8. Nxe5 Nxc3 9. Nxc6 Nxd1 10. Nxd8 Nxf2 11. Nxf7 Ng4 12. Nxh8 Nf6 13. b3 Rb8 14. Bb2 Be6 15. Be5 Rd8 16. d3 b6 17. h3 Kf8 18. Rad1 Kg8 19. d4 cxd4 20. Bxd4 Kxh8 21. Bxf6 gxf6 22. Rxd8+ Bxd8 23. Rd1 Be7 24. g4 Kg7 25. Bd5 Bd7 26. Be4 Be8 27. Kg2 b5 28. Rc1 Bd6 29. Bc6 Bxc6+ 30. Rxc6 Be5 31. Kf3 Kg6 32. h4 a5 33. g5 a4 34. gxf6 axb3 35. axb3 b4 36. Rb6 Bc3 37. f7+ Kxf7 38. Kg4 Kg7 39. Kf5 Bd2 40. e4 Bc3 41. e5 Bd4 42. Rxb4 Kh6 43. e6 Bc5 44. Rb7 Bf8 45. e7 1-0

[Event "White Rook U14 Final 2019"]
[Site "Sochi"]
[Date "2019.06.06"]
[Round "5.28"]
[White "Golikova, Alisa"]
[Black "Mkrtchian, Anait"]
[Result "1-0"]
[ECO "C58"]
[WhiteElo "1252"]
[BlackElo "1165"]
[Annotator "NA RC"]
[PlyCount "107"]
[EventDate "2019.06.02"]
[EventCountry "RUS"]
[SourceTitle "playchess.com"]
[Source "ChessBase"]
[SourceQuality "1"]
[TimeControl "5400+30"]

1. e4 e5 2. Nf3 Nc6 3. Bc4 Nf6 4. Ng5 d5 5. exd5 Na5 6. Bb5+ c6 7. dxc6 bxc6 8. Qf3 h6 9. Ne4 Nd5 10. Nbc3 Nb4 11. Ba4 Bb7 12. a3 Na6 13. b4 Qd7 14. bxa5 f5 15. Qh5+ Kd8 16. Ng5 g6 17. Qxg6 Be7 18. Nf7+ Kc7 19. Nxh8 Rxh8 20. Qg3 Qd4 21. Bb2 Kc8 22. Qe3 Qd6 23. Qd3 Qg6 24. O-O-O Nc5 25. Qg3 Qe6 26. Rhe1 f4 27. Qh3 Qxh3 28. gxh3 Nxa4 29. Nxa4 c5 30. Rxe5 Bd6 31. Re6 Rd8 32. Rxh6 f3 33. h4 Bxh2 34. Nxc5 Ba8 35. Nd3 Rd7 36. Rh1 Bc7 37. Rh8+ Bd8 38. Bf6 Be4 39. Bxd8 Rxd8 40. Rxd8+ Kxd8 41. h5 Bh7 42. Ne5 Ke7 43. Nxf3 Kf8 44. Ng5 Kg8 45. Nxh7 Kxh7 46. f4 Kg7 47. h6+ Kh7 48. Rg1 Kxh6 49. f5 Kh5 50. f6 Kh4 51. f7 Kh3 52. f8=Q Kh2 53. Rg8 Kh3 54. Qh6# 1-0

[Event "White Rook U14 Final 2019"]
[Site "Sochi"]
[Date "2019.06.06"]
[Round "5.29"]
[White "Shakhov, Dmitriy"]
[Black "Efimov, Leonid"]
[Result "1/2-1/2"]
[ECO "D44"]
[WhiteElo "1624"]
[BlackElo "1666"]
[Annotator "NA RC"]
[PlyCount "86"]
[EventDate "2019.06.02"]
[EventCountry "RUS"]
[SourceTitle "playchess.com"]
[Source "ChessBase"]
[SourceQuality "1"]
[TimeControl "5400+30"]

1. d4 d5 2. c4 e6 3. Nc3 c6 4. Nf3 Nf6 5. Bg5 dxc4 6. e3 b5 7. a4 Bb4 8. axb5 cxb5 9. Be2 Bb7 10. O-O a6 11. Ne5 h6 12. Bh4 Bxc3 13. bxc3 Nbd7 14. Bf3 Qb6 15. Nxd7 Nxd7 16. Bxb7 Qxb7 17. Qg4 O-O 18. f4 Qe4 19. Rf3 Nb6 20. Rg3 g6 21. Be7 Rfe8 22. Qh4 Kh7 23. Rh3 h5 24. g4 Rg8 25. Kf2 Nd5 26. gxh5 g5 27. Bxg5 f6 28. Qg3 fxg5 29. fxg5 Raf8+ 30. Kg1 Rxg5 31. Qxg5 Rg8 32. Qxg8+ Kxg8 33. h6 Nxe3 34. Rg3+ Kh7 35. Re1 Kxh6 36. Rgxe3 Qg4+ 37. Kf1 Qf4+ 38. Kg1 Qg5+ 39. Kf2 Qf5+ 40. Kg1 Qg6+ 41. Kf1 Qf7+ 42. Kg1 Qg6+ 43. Kf1 Qf5+ 1/2-1/2

[Event "White Rook U14 Final 2019"]
[Site "Sochi"]
[Date "2019.06.06"]
[Round "5.30"]
[White "Ivanov, Matvei"]
[Black "Bratov, Ademir"]
[Result "0-1"]
[ECO "C54"]
[WhiteElo "1529"]
[BlackElo "1725"]
[Annotator "NA RC"]
[PlyCount "126"]
[EventDate "2019.06.02"]
[EventCountry "RUS"]
[SourceTitle "playchess.com"]
[Source "ChessBase"]
[SourceQuality "1"]
[TimeControl "5400+30"]

1. e4 e5 2. Nf3 Nc6 3. Bc4 Bc5 4. c3 Nf6 5. d3 d6 6. O-O a6 7. a4 O-O 8. Nbd2 Ne7 9. b4 Ba7 10. Bb2 Ng6 11. d4 Qe7 12. Re1 Nf4 13. Qc2 N6h5 14. Nf1 Qf6 15. Ne3 Nxg2 16. Kxg2 Bh3+ 17. Kg1 Qxf3 18. Be2 Qf4 19. Bxh5 Qg5+ 20. Bg4 Bxg4 21. Nxg4 Qxg4+ 22. Kh1 f5 23. Re3 f4 24. f3 Qh3 25. Rd3 Rf6 26. Rg1 Qe6 27. Rd2 Rg6 28. Rdg2 Rxg2 29. Qxg2 Qf6 30. Rd1 Rd8 31. Qd2 exd4 32. cxd4 d5 33. e5 Qf5 34. Qc3 c6 35. Rg1 Re8 36. b5 axb5 37. axb5 Qe6 38. Qa5 Bb8 39. b6 Qh3 40. Qc3 c5 41. Qb3 c4 42. Qa3 g6 43. Rg2 Qe6 44. Qa5 Rc8 45. Bc3 h6 46. Rb2 Kh7 47. Rg2 Rc6 48. Qa8 Qc8 49. Qa5 Qd8 50. Rb2 Qd7 51. Kg2 g5 52. Qa8 Rc8 53. Re2 Bxe5 54. Qa2 Bf6 55. Qc2+ Kg7 56. Be1 Re8 57. Rxe8 Qxe8 58. Bf2 Qc6 59. Qf5 c3 60. h4 gxh4 61. Qg4+ Bg5 62. Bxh4 c2 63. Bxg5 hxg5 0-1

[Event "White Rook U14 Final 2019"]
[Site "Sochi"]
[Date "2019.06.06"]
[Round "5.31"]
[White "Druchenko, Mikhail"]
[Black "Valiev, Ravil"]
[Result "1-0"]
[ECO "C02"]
[WhiteElo "1774"]
[BlackElo "1458"]
[Annotator "NA RC"]
[PlyCount "67"]
[EventDate "2019.06.02"]
[EventCountry "RUS"]
[SourceTitle "playchess.com"]
[Source "ChessBase"]
[SourceQuality "1"]
[TimeControl "5400+30"]

1. e4 e6 2. d4 d5 3. e5 c5 4. c3 Qb6 5. Nf3 Bd7 6. a3 cxd4 7. cxd4 Bb5 8. Bd3 Bxd3 9. Qxd3 Nc6 10. O-O a5 11. Nc3 Nge7 12. Na4 Qd8 13. Be3 Nf5 14. Bd2 Be7 15. g4 Nh6 16. h3 O-O 17. Nc3 Kh8 18. Ne2 Re8 19. Ng3 Bf8 20. Ng5 g6 21. f4 Rc8 22. Kh1 Be7 23. Nf3 Qd7 24. f5 Ng8 25. Ng5 Bf8 26. fxe6 fxe6 27. Rf7 Re7 28. Raf1 Bg7 29. Nh5 Bh6 30. Rxe7 Qxe7 31. Nf7+ Qxf7 32. Rxf7 Bxd2 33. Qxd2 gxh5 34. Qd3 1-0

[Event "White Rook U14 Final 2019"]
[Site "Sochi"]
[Date "2019.06.06"]
[Round "5.32"]
[White "Magizova, Yana"]
[Black "Kuskova, Ruslana"]
[Result "1-0"]
[ECO "C47"]
[WhiteElo "1585"]
[BlackElo "1177"]
[Annotator "NA RC"]
[PlyCount "73"]
[EventDate "2019.06.02"]
[EventCountry "RUS"]
[SourceTitle "playchess.com"]
[Source "ChessBase"]
[SourceQuality "1"]
[TimeControl "5400+30"]

1. e4 e5 2. Nf3 Nc6 3. Nc3 Nf6 4. d3 h6 5. g3 Bb4 6. Bd2 d6 7. Bg2 a6 8. O-O Bc5 9. Kh1 O-O 10. h3 Be6 11. Nh4 Qd7 12. g4 Nh7 13. Nf5 Bxf5 14. gxf5 Qe7 15. Nd5 Qd8 16. f4 Nf6 17. Nxf6+ Qxf6 18. c3 Ba7 19. Qg4 exf4 20. Bxf4 Ne5 21. Qg3 c5 22. Rad1 Rad8 23. d4 cxd4 24. cxd4 Nc6 25. e5 dxe5 26. Bxe5 Qg5 27. Qxg5 hxg5 28. Bxc6 bxc6 29. f6 gxf6 30. Rxf6 Rc8 31. Rg1 Rfd8 32. Rh6 f6 33. Bxf6 Rd5 34. Rh8+ Kf7 35. Rxc8 Kxf6 36. Rf1+ Ke7 37. Rc7+ 1-0

[Event "White Rook U14 Final 2019"]
[Site "Sochi"]
[Date "2019.06.06"]
[Round "5.33"]
[White "Bunin, Serafim"]
[Black "Mongush, Kezhik"]
[Result "1-0"]
[ECO "B26"]
[WhiteElo "1804"]
[BlackElo "1824"]
[Annotator "NA RC"]
[PlyCount "61"]
[EventDate "2019.06.02"]
[EventCountry "RUS"]
[SourceTitle "playchess.com"]
[Source "ChessBase"]
[SourceQuality "1"]
[TimeControl "5400+30"]

1. e4 c5 2. Nc3 Nc6 3. g3 g6 4. Bg2 Bg7 5. d3 d6 6. Be3 e5 7. Qd2 Nge7 8. Bh6 O-O 9. h4 f6 10. Bxg7 Kxg7 11. h5 {[%emt 0:00:40] B26: Closed Sicilian: 3 g3, lines with early Be3} g5 12. f4 gxf4 $146 ({Predecessor:} 12... h6 13. Bh3 Nd4 14. O-O-O b5 15. Nce2 Nec6 16. c3 Nxe2+ 17. Nxe2 d5 18. d4 Bxh3 19. Rxh3 cxd4 20. exd5 Qxd5 {½-½ (41) Pakhomov,A (2439)-Swinkels,R (2499) Teplice 2009}) 13. gxf4 Kh8 14. O-O-O Rb8 15. f5 b5 16. Nf3 b4 17. Ne2 d5 $2 (17... Rg8 $14 18. Rdg1 Ba6) 18. Nh4 Ng8 {[%emt 0:08:35] [#]} (18... Nd4 $142 19. Ng6+ Kg8 20. Nxf8 Qxf8 21. Nxd4 cxd4) 19. Ng6+ $1 Kg7 20. h6+ Kf7 21. Nxf8 Kxf8 22. Kb1 $18 a5 23. Qe3 Nd4 24. Nxd4 cxd4 25. Qg3 Qe7 26. Rdg1 Qf7 27. Bf3 Ne7 28. Bh5 Qg8 29. Qh4 Qh8 30. Rg7 Ng8 31. Rf7+ 1-0

[Event "White Rook U14 Final 2019"]
[Site "Sochi"]
[Date "2019.06.06"]
[Round "5.34"]
[White "Fomkin, Dmitry"]
[Black "Golbraikh, Leonid"]
[Result "1-0"]
[ECO "C55"]
[WhiteElo "1733"]
[BlackElo "1523"]
[Annotator "NA RC"]
[PlyCount "95"]
[EventDate "2019.06.02"]
[EventCountry "RUS"]
[SourceTitle "playchess.com"]
[Source "ChessBase"]
[SourceQuality "1"]
[TimeControl "5400+30"]

1. e4 e5 2. Nf3 Nc6 3. Bc4 Nf6 4. d3 h6 5. c3 d6 6. h3 g6 7. O-O Bg7 8. Nbd2 O-O 9. Re1 Nh5 10. Nf1 Qf6 11. Ne3 Be6 12. b4 Bd7 13. Nd5 Qd8 14. Bb2 Ne7 15. d4 c6 16. Nxe7+ Qxe7 17. a4 Nf4 18. Qc2 g5 19. Rad1 g4 20. Nh2 gxh3 21. g3 Ng6 22. Qe2 Kh7 23. dxe5 dxe5 24. Qh5 Bc8 25. Rd2 f5 26. exf5 Bxf5 27. Red1 Qg5 28. Qxg5 hxg5 29. Rd6 e4 30. Nf1 Bg4 31. Re1 Ne5 32. Be2 Rf7 33. Nh2 Bxe2 34. Rxe2 Raf8 35. Rdd2 Nc4 36. Rc2 Nxb2 37. Rxb2 Bxc3 38. Rbc2 Bxb4 39. Rxe4 Ba5 40. Ng4 Bb6 41. Ree2 Rf3 42. Kh2 Ra3 43. Re7+ Kg6 44. Rce2 Rf7 45. Ne5+ Kf6 46. Rxf7+ Ke6 47. Rxb7 Bxf2 48. Nc4+ 1-0

[Event "White Rook U14 Final 2019"]
[Site "Sochi"]
[Date "2019.06.06"]
[Round "5.35"]
[White "Grachev, Arseniy"]
[Black "Ponomarev, Andrey A."]
[Result "0-1"]
[ECO "C02"]
[WhiteElo "1192"]
[BlackElo "1919"]
[Annotator "NA RC"]
[PlyCount "50"]
[EventDate "2019.06.02"]
[EventCountry "RUS"]
[SourceTitle "playchess.com"]
[Source "ChessBase"]
[SourceQuality "1"]
[TimeControl "5400+30"]

1. e4 e6 2. d4 d5 3. e5 c5 4. c3 Nc6 5. a3 Bd7 6. Nf3 Nh6 {[%emt 0:02:55] C02: French: Advance Variation} (6... f6 7. Bd3 Qc7 8. O-O O-O-O 9. Qe2 Nge7 10. b4 c4 11. Bc2 Ng6 12. Re1 Be7 13. a4 fxe5 14. dxe5 Rdf8 15. Na3 Nf4 16. Qd1 Be8 {1-0 (37) Grischuk,A (2737)-Morozevich,A (2676) Doha 2016}) 7. Be3 Nf5 8. b4 cxd4 9. cxd4 f6 10. exf6 gxf6 $146 ({Predecessor:} 10... Qxf6 11. Bg5 Qg6 12. h4 Bd6 13. b5 Nd8 14. Bd3 Qf7 15. Ne5 Bxe5 16. dxe5 h6 {1-0 (55) Lopez Pereyra,A (2159)-Garcia Vicente,N (2265) Pontevedra 2004}) 11. Nc3 Nxe3 12. fxe3 Bg7 13. Bd3 O-O 14. Qc2 f5 15. h3 Rc8 16. Qd2 $2 {[%emt 0:08:35] [#]} (16. b5 $17 {was worth a try.} Qa5 17. Rc1 (17. bxc6 Rxc6 18. Kd2 Rfc8 $17)) 16... Qc7 $2 ({Black should try} 16... e5 $1 $19 17. b5 exd4 18. Nxd5 dxe3 19. Nxe3 Bxa1 20. Qa2+ Rf7 21. bxc6 {[#]} Be6 $1 {[%mdl 576] Discovered Attack} 22. Qxa1 Qxd3) 17. Qf2 $2 (17. Ne2 $15) 17... Nxd4 18. Ne2 Nxf3+ 19. gxf3 Bxa1 20. Rg1+ Bg7 21. Qh4 Qe5 22. Qg5 {[%emt 0:05:14] [#]} h6 $1 23. Qg2 Rf7 24. f4 Qxe3 25. Bb1 Rc1# 0-1

[Event "White Rook U14 Final 2019"]
[Site "Sochi"]
[Date "2019.06.07"]
[Round "6.1"]
[White "Putrenko, Kirill"]
[Black "Tugstumur, Yesuntumur"]
[Result "0-1"]
[ECO "E91"]
[WhiteElo "2010"]
[BlackElo "2356"]
[Annotator "ChessBase"]
[PlyCount "188"]
[EventDate "2019.06.02"]
[EventCountry "RUS"]
[SourceTitle "playchess.com"]
[Source "ChessBase"]
[SourceQuality "1"]
[TimeControl "5400+30"]

1. d4 Nf6 2. c4 g6 3. Nc3 Bg7 4. e4 d6 5. Be2 O-O 6. Bg5 c5 7. Nf3 cxd4 8. Nxd4 Nc6 9. Be3 Bd7 10. O-O a6 11. Qd2 Rc8 12. f3 Re8 13. Rfd1 Nxd4 14. Bxd4 Be6 15. Nd5 Bxd5 16. cxd5 Nd7 17. Bxg7 Kxg7 18. Qd4+ Kg8 19. Rac1 Rc7 20. Qe3 Rxc1 21. Rxc1 Qb8 22. Qc3 Qa7+ 23. Kf1 Ne5 24. f4 Nd7 25. Bg4 Nf6 26. Bf3 Qb6 27. b3 Rf8 28. Ke2 Qb5+ 29. Qc4 Qa5 30. Rc2 Ne8 31. e5 Ng7 32. g4 b5 33. Qc3 Qb6 34. Qe3 Qa5 35. Qc3 Qb6 36. Qe3 Qb8 37. Rc6 dxe5 38. Qxe5 Qa7 39. Qe3 Qb8 40. Rxa6 g5 41. f5 Qxh2+ 42. Qf2 Qc7 43. Rc6 Qa5 44. Rc2 Qa6 45. Qe3 f6 46. Kf2 Qd6 47. Kg2 Ra8 48. Re2 Kf8 49. Qd3 b4 50. Qc4 Ne8 51. Qc6 Ra7 52. Qxd6 Nxd6 53. Kf1 Rc7 54. Ke1 Rc3 55. Kf2 Ke8 56. Rd2 Kd7 57. Rd4 Rc2+ 58. Ke1 Rxa2 59. Rxb4 Kc7 60. Rd4 Rb2 61. Rd3 Nb7 62. Rc3+ Kd6 63. Rc6+ Kd7 64. Rc3 Na5 65. Bd1 Kd6 66. Re3 Nb7 67. Re6+ Kd7 68. Re3 Nc5 69. Rh3 Kd6 70. Rxh7 Nd3+ 71. Kf1 Rf2+ 72. Kg1 Rd2 73. Bf3 Ne5 74. Rh3 Rb2 75. Bg2 Nxg4 76. Rd3 Rb1+ 77. Bf1 Nh2 78. Kxh2 Rxf1 79. Re3 Rxf5 80. Re6+ Kd7 81. Rb6 Rxd5 82. Rb7+ Ke6 83. Rb6+ Kf5 84. b4 e5 85. Rc6 Rd2+ 86. Kg3 Rb2 87. Rc4 Rb3+ 88. Kf2 g4 89. Kg2 e4 90. Kf2 Kf4 91. Kg2 f5 92. Kf2 g3+ 93. Kg2 Rb2+ 94. Kg1 Kf3 0-1

[Event "White Rook U14 Final 2019"]
[Site "Sochi"]
[Date "2019.06.07"]
[Round "6.2"]
[White "Munkhzul, Davaakhuu"]
[Black "Ismagilov, Igor"]
[Result "1/2-1/2"]
[ECO "B45"]
[WhiteElo "1806"]
[BlackElo "1803"]
[Annotator "NA"]
[PlyCount "108"]
[EventDate "2019.06.02"]
[EventCountry "RUS"]
[SourceTitle "playchess.com"]
[Source "ChessBase"]
[SourceQuality "1"]
[TimeControl "5400+30"]

1. e4 c5 2. Nf3 Nc6 3. d4 cxd4 4. Nxd4 Nf6 5. Nc3 e6 6. Ndb5 Bb4 7. a3 Bxc3+ 8. Nxc3 d5 9. exd5 exd5 10. Bd3 O-O 11. O-O d4 12. Ne2 Bg4 13. f3 Bh5 14. Qe1 Bg6 15. Bxg6 hxg6 16. Qf2 Qb6 17. Rd1 Rfd8 18. b3 Rd7 19. Bb2 Rad8 20. Rd3 Qc5 21. Rd2 b6 22. Rad1 d3 23. cxd3 Na5 24. Qxc5 bxc5 25. Nc1 Rb7 26. Bxf6 gxf6 27. Rb2 Rdb8 28. d4 Nxb3 29. Nxb3 c4 30. d5 cxb3 31. d6 Rd7 32. Rd3 Rb6 33. Rbxb3 Rbxd6 34. Rxd6 Rxd6 35. Rb4 Ra6 36. a4 f5 37. Kf2 Kf8 38. Ke3 Ke7 39. h4 Ra5 40. Kf4 Kf6 41. Rd4 Ra6 42. Rc4 Ra5 43. Rc6+ Kg7 44. Rc4 Kf6 45. g4 fxg4 46. fxg4 g5+ 47. hxg5+ Kg6 48. Rd4 Ra6 49. Re4 Ra5 50. Rd4 Ra6 51. Rc4 Ra5 52. Rc6+ Kg7 53. Rc4 Kg6 54. Rb4 Ra6 1/2-1/2

[Event "White Rook U14 Final 2019"]
[Site "Sochi"]
[Date "2019.06.07"]
[Round "6.3"]
[White "Khodko, Yurii N."]
[Black "Aldar Burentegsh"]
[Result "1-0"]
[ECO "B42"]
[WhiteElo "1727"]
[BlackElo "1812"]
[Annotator "NA"]
[PlyCount "120"]
[EventDate "2019.06.02"]
[EventCountry "RUS"]
[SourceTitle "playchess.com"]
[Source "ChessBase"]
[SourceQuality "1"]
[TimeControl "5400+30"]

1. e4 c5 2. Nf3 e6 3. d4 cxd4 4. Nxd4 a6 5. Bd3 Qc7 6. O-O Nc6 7. Be3 Nf6 8. c4 Be7 9. h3 O-O 10. Nc3 d6 11. Rc1 Bd7 {[%emt 0:05:40] B42: Sicilian: Kan Variation: 5 Bd3} (11... Ne5 12. Be2 b6 13. f3 Bb7 14. Na4 Ned7 15. Qd2 Rac8 16. Rfd1 Rfe8 17. Bf1 Qb8 18. Qf2 Bd8 19. b4 {1-0 (55) Malakhov,V (2675)-Zivkovic,V (2429) Kallithea 2008}) 12. Nd5 $146 ({Predecessor:} 12. a3 Rac8 13. f4 Nxd4 14. Bxd4 Bc6 15. Qe2 e5 16. Be3 Nd7 17. f5 Nf6 18. b4 Bd7 19. g4 {1-0 (28) Brkic,I (2087)-Stancic,K Zadar 2004}) 12... Qd8 13. Nxc6 Bxc6 14. Bb6 Qd7 15. Nxe7+ Qxe7 16. Qe2 Rac8 17. b4 Nd7 18. Bd4 Ne5 19. Bb1 Ng6 20. b5 Bd7 21. Be3 e5 22. Rfd1 axb5 23. cxb5 Rxc1 24. Rxc1 Rc8 25. Rxc8+ Bxc8 26. a4 Qc7 27. Qc2 Qxc2 28. Bxc2 Kf8 29. Bb3 Ke8 30. Kf1 Be6 31. Bxe6 fxe6 $16 32. Ke2 Kd7 33. g3 d5 34. Bc5 d4 35. a5 h5 36. h4 Kc7 37. Kd3 Nh8 38. Bf8 g6 39. Bg7 Nf7 40. f4 Kd6 41. Kc4 exf4 42. gxf4 d3 43. Bf8+ Kd7 44. Kxd3 e5 45. Ke3 Nd8 46. f5 gxf5 47. exf5 Ke8 48. a6 bxa6 49. bxa6 Nc6 50. Bc5 Kf7 51. a7 Nxa7 52. Bxa7 Ke7 53. Ke4 Kf6 54. Be3 Kf7 55. Kxe5 Ke7 56. Bg5+ Kf7 57. f6 Ke8 58. Ke6 Kd8 59. f7+ Kc7 60. f8=Q Kc6 1-0

[Event "White Rook U14 Final 2019"]
[Site "Sochi"]
[Date "2019.06.07"]
[Round "6.4"]
[White "Unurzul, Davaakhuu"]
[Black "Loviagina, Dariana"]
[Result "0-1"]
[ECO "B28"]
[WhiteElo "1442"]
[BlackElo "1297"]
[Annotator "NA"]
[PlyCount "118"]
[EventDate "2019.06.02"]
[EventCountry "RUS"]
[SourceTitle "playchess.com"]
[Source "ChessBase"]
[SourceQuality "1"]
[TimeControl "5400+30"]

1. e4 c5 2. Nf3 a6 3. d4 cxd4 4. Nxd4 Nf6 5. Nc3 e5 6. Nb3 Bb4 7. Bd3 d5 8. exd5 Nxd5 9. Bd2 Nxc3 10. bxc3 Bd6 11. O-O O-O 12. Qh5 f5 13. Bc4+ Kh8 14. Rad1 Qe8 15. Qh4 Qg6 16. Be2 f4 17. f3 Bf5 18. Bd3 Bxd3 19. cxd3 Nc6 20. Bc1 Rf5 21. d4 Rg5 22. Qf2 exd4 23. cxd4 Nb4 24. Rd2 Nd5 25. Re2 Qh5 26. Rfe1 Ne3 27. Bxe3 fxe3 28. Rxe3 Bxh2+ 29. Kf1 Bg3 30. Qg1 Bxe1 31. Rxe1 Rf8 32. Re3 Qg6 33. Nd2 Qc2 34. Ke2 Qxa2 35. Qh2 Qd5 36. Re4 Qb5+ 37. Ke3 Rh5 38. Qd6 Qg5+ 39. Kd3 Rd8 40. Qe6 Qb5+ 41. Ke3 Rg8 42. f4 a5 43. Re5 Rxe5+ 44. fxe5 a4 45. d5 Rd8 46. d6 Re8 47. Qc4 Qxe5+ 48. Ne4 Qxd6 49. Qxa4 Qe5 50. Kf3 b5 51. Qb4 Qf5+ 52. Ke3 h6 53. g3 Qxe4+ 54. Qxe4 Rxe4+ 55. Kxe4 Kh7 56. Kd5 Kg6 57. Kc5 Kg5 58. Kxb5 Kg4 59. Kc4 Kxg3 0-1

[Event "White Rook U14 Final 2019"]
[Site "Sochi"]
[Date "2019.06.07"]
[Round "6.5"]
[White "Abrazevich, Yauheni"]
[Black "Sizov, Lev"]
[Result "1/2-1/2"]
[ECO "B15"]
[WhiteElo "1888"]
[BlackElo "1692"]
[Annotator "NA"]
[PlyCount "81"]
[EventDate "2019.06.02"]
[EventCountry "RUS"]
[SourceTitle "playchess.com"]
[Source "ChessBase"]
[SourceQuality "1"]
[TimeControl "5400+30"]

1. e4 c6 2. d4 d5 3. Nd2 dxe4 4. Nxe4 Nf6 5. Nxf6+ exf6 6. Be3 Bd6 {[%emt 0:01:34] B15: Caro-Kann: 3 Nc3: 3...g6 and 3...dxe4 4 Nxe4 Nf6 5 Nxf6+ exf6} 7. Bd3 O-O 8. Qh5 (8. Ne2 Re8 9. Qd2 Bg4 10. O-O Nd7 11. c4 Bxe2 12. Qxe2 Qc7 13. h3 c5 14. Qc2 {½-½ (37) Li,C (2613)-Zhao,Z (2592) Parramatta 2010}) 8... f5 $146 ({Predecessor:} 8... g6 9. Qf3 Be6 10. Ne2 Re8 11. Nf4 Bxf4 12. Qxf4 Nd7 13. h4 Nb6 14. b3 {0-1 (42) Musaev,R (2312)-Tsydypov,Z (2451) St Petersburg 2016}) 9. O-O-O g6 10. Qf3 Nd7 11. h3 Qf6 12. Ne2 a5 13. h4 a4 14. c3 Nb6 15. Bg5 Qe6 16. Kb1 Qd5 17. Qxd5 cxd5 18. Bf4 Bxf4 19. Nxf4 Bd7 20. Be2 Rfe8 21. Bf3 Bc6 22. Rhe1 Kf8 23. b3 axb3 24. axb3 Kg7 25. Kb2 Kf6 26. Rxe8 Rxe8 27. Nd3 Kg7 28. Re1 Rxe1 29. Nxe1 Kf6 30. Nd3 Ke7 31. g3 f6 32. Nb4 Kd6 33. Bg2 $14 Kd7 34. f4 Kd6 35. Nc2 h5 36. Ne3 Kd7 37. c4 dxc4 38. Bxc6+ bxc6 39. bxc4 c5 40. Kc3 Na4+ 41. Kd3 1/2-1/2